SL
PHOENIX HOTSPUR @ TOLEDO TITANS
06/17/2024
 
TOP OF THE 1ST
Phoenix Hotspur batting - Pitching for Toledo Titans : RHP Francis McBride
Pitching: RHP Francis McBride
Batting: LHB Arthur Ryan 0-0: Ball
1-0: Ball
2-0: Ground out 4-3 (Groundball, 4)
Batting: SHB Pedro Gómez 0-0: Ground out 4-3 (Groundball, 4M)
Batting: RHB Martín Martínez 0-0: Ball
1-0: SINGLE (Groundball, 6MD)
Batting: RHB Raúl Robles 0-0: Foul Ball, location: 2F
0-1: Ball
1-1: Foul Ball, location: 2F
1-2: Strikes out looking
Top of the 1st over - 0 run(s), 1 hit(s), 0 error(s), 1 left on base; Phoenix 0 - Toledo 0
BOTTOM OF THE 1ST
Toledo Titans batting - Pitching for Phoenix Hotspur : LHP Wes Hamm
Pitching: LHP Wes Hamm
Batting: RHB Pil-joong Pak 0-0: SINGLE (Flyball, 8LS)
Batting: RHB Kade Knowles 0-0: Called Strike
0-1: Fielders Choice at 2nd, 5-4 (Groundball, 5L)
Batting: LHB Yannick Hendriksen 0-0: Grounds into double play, 6-4-3 (Groundball, 6)
Bottom of the 1st over - 0 run(s), 1 hit(s), 0 error(s), 0 left on base; Phoenix 0 - Toledo 0
TOP OF THE 2ND
Phoenix Hotspur batting - Pitching for Toledo Titans : RHP Francis McBride
Batting: RHB António Padilla 0-0: Fly out, F9 (Popup, 4D)
Batting: RHB Gabriel Pérez 0-0: Foul Ball, location: 2F
0-1: Ball
1-1: Ball
2-1: Swinging Strike
2-2: Ground out 5-3 (Groundball, 56)
Batting: RHB Ángel Rivera 0-0: Ball
1-0: Ground out 5-3 (Groundball, 56)
Top of the 2nd over - 0 run(s), 0 hit(s), 0 error(s), 0 left on base; Phoenix 0 - Toledo 0
BOTTOM OF THE 2ND
Toledo Titans batting - Pitching for Phoenix Hotspur : LHP Wes Hamm
Batting: RHB Steve Dunn 0-0: Ball
1-0: Swinging Strike
1-1: Called Strike
1-2: Ball
2-2: Foul Ball, location: 2F
2-2: Ball
3-2: SINGLE (Groundball, 6D)
Batting: LHB Tony Dyer 0-0: Ball
1-0: Ball
2-0: Ball
3-0: Called Strike
3-1: Foul Ball, location: 2F
3-2: Fly out, F8 (Flyball, 8RD)
Batting: RHB Juan Ramos 0-0: Called Strike
0-1: Ball
1-1: Ball
Wild Pitch!
Steve Dunn to second
2-1: Ball
3-1: Base on Balls
Batting: LHB Chris West 0-0: Ball
1-0: SINGLE (Line Drive, 6M)
Steve Dunn to third
Juan Ramos to second
Batting: RHB Mike Burns 0-0: Ball
1-0: Foul Ball, location: 2F
1-1: Swinging Strike
1-2: Ball
2-2: Strikes out swinging
Batting: RHB Pedro Pérez 0-0: Called Strike
0-1: Ball
1-1: Fly out, F2 (Popup, 25F)
Bottom of the 2nd over - 0 run(s), 2 hit(s), 0 error(s), 3 left on base; Phoenix 0 - Toledo 0
TOP OF THE 3RD
Phoenix Hotspur batting - Pitching for Toledo Titans : RHP Francis McBride
Batting: RHB Randy Rehling 0-0: Ground out 5-3 (Groundball, 56)
Batting: LHB Rubén López 0-0: Ball
1-0: Ground out 3-1 (Groundball, 34)
Batting: LHB Arthur Ryan 0-0: Ball
1-0: Ball
2-0: Ball
3-0: Called Strike
3-1: Foul Ball, location: 2F
3-2: SOLO HOME RUN (Flyball, 9D), Distance : 381 ft
Batting: SHB Pedro Gómez 0-0: Ground out 6-3 (Groundball, 6M)
Top of the 3rd over - 1 run(s), 1 hit(s), 0 error(s), 0 left on base; Phoenix 1 - Toledo 0
BOTTOM OF THE 3RD
Toledo Titans batting - Pitching for Phoenix Hotspur : LHP Wes Hamm
Batting: RHB Pil-joong Pak 0-0: Ball
1-0: SINGLE (Line Drive, 34S)
Batting: RHB Kade Knowles 0-0: Ball
1-0: Ball
2-0: Ball
3-0: Base on Balls
Pil-joong Pak to second
Batting: LHB Yannick Hendriksen 0-0: Ball
1-0: Grounds into double play, 1-4-3 (Groundball, 15)
Pil-joong Pak to third
Batting: RHB Steve Dunn 0-0: Called Strike
0-1: Ball
1-1: SINGLE (Groundball, 4M)
Pil-joong Pak scores
Batting: LHB Tony Dyer 0-0: Called Strike
0-1: Ball
1-1: Swinging Strike
1-2: Ball
2-2: Ball
3-2: Strikes out looking
Bottom of the 3rd over - 1 run(s), 2 hit(s), 0 error(s), 1 left on base; Phoenix 1 - Toledo 1
TOP OF THE 4TH
Phoenix Hotspur batting - Pitching for Toledo Titans : RHP Francis McBride
Batting: RHB Martín Martínez 0-0: Called Strike
0-1: Swinging Strike
0-2: Ball
1-2: Strikes out swinging
Batting: RHB Raúl Robles 0-0: Ball
1-0: Ball
2-0: SINGLE (Flyball, 9LS)
Batting: RHB António Padilla 0-0: Called Strike
0-1: Foul Ball, location: 2F
0-2: Strikes out looking
Batting: RHB Gabriel Pérez 0-0: Ground out 5-3 (Groundball, 5)
Top of the 4th over - 0 run(s), 1 hit(s), 0 error(s), 1 left on base; Phoenix 1 - Toledo 1
BOTTOM OF THE 4TH
Toledo Titans batting - Pitching for Phoenix Hotspur : LHP Wes Hamm
Batting: RHB Juan Ramos 0-0: Fly out, F9 (Flyball, 9LS)
Batting: LHB Chris West 0-0: Called Strike
0-1: Swinging Strike
0-2: Strikes out looking
Batting: RHB Mike Burns 0-0: Ground out 6-3 (Groundball, 6)
Bottom of the 4th over - 0 run(s), 0 hit(s), 0 error(s), 0 left on base; Phoenix 1 - Toledo 1
TOP OF THE 5TH
Phoenix Hotspur batting - Pitching for Toledo Titans : RHP Francis McBride
Batting: RHB Ángel Rivera 0-0: SINGLE (Groundball, 56D)
Batting: RHB Randy Rehling 0-0: Called Strike
0-1: Foul Ball, location: 2F
0-2: Ball
1-2: Strikes out swinging
Batting: LHB Rubén López 0-0: Grounds into double play, 4-6-3 (Groundball, 34)
Top of the 5th over - 0 run(s), 1 hit(s), 0 error(s), 0 left on base; Phoenix 1 - Toledo 1
BOTTOM OF THE 5TH
Toledo Titans batting - Pitching for Phoenix Hotspur : LHP Wes Hamm
Batting: RHB Pedro Pérez 0-0: Ball
1-0: Fly out, F9 (Flyball, 9M)
Batting: RHB Pil-joong Pak 0-0: Ground out 6-3 (Groundball, 6)
Batting: RHB Kade Knowles 0-0: Foul Ball, location: 2F
0-1: Ball
1-1: Ball
2-1: Foul Ball, location: 2F
2-2: Foul Ball, location: 2F
2-2: Fly out, F1 (Popup, 15S)
Bottom of the 5th over - 0 run(s), 0 hit(s), 0 error(s), 0 left on base; Phoenix 1 - Toledo 1
TOP OF THE 6TH
Phoenix Hotspur batting - Pitching for Toledo Titans : RHP Francis McBride
Batting: LHB Arthur Ryan 0-0: Ball
1-0: Ball
2-0: Foul Ball, location: 2F
2-1: Foul Ball, location: 2F
2-2: Ball
3-2: Ground out 2-3 (Groundball, 25)
Batting: SHB Pedro Gómez 0-0: Ball
1-0: Called Strike
1-1: Ball
2-1: Ground out 6-3 (Groundball, 6M)
Batting: RHB Martín Martínez 0-0: Foul Ball, location: 2F
0-1: Swinging Strike
0-2: Ball
1-2: Strikes out looking
Top of the 6th over - 0 run(s), 0 hit(s), 0 error(s), 0 left on base; Phoenix 1 - Toledo 1
BOTTOM OF THE 6TH
Toledo Titans batting - Pitching for Phoenix Hotspur : LHP Wes Hamm
Batting: LHB Yannick Hendriksen 0-0: Hit by Pitch
Batting: RHB Steve Dunn 0-0: Ball
1-0: Foul Ball, location: 2F
1-1: Ball
2-1: SINGLE (Line Drive, 6MD)
Yannick Hendriksen to second
Runner from 2nd tries for 3rd, SAFE, throw made to third
Batting: LHB Tony Dyer 0-0: Called Strike
0-1: Ball
1-1: Fly out, F9 (Flyball, 9M)
1-1: Lined into DP, 9-5 (Flyball, 9M)
Batting: RHB Juan Ramos 0-0: Called Strike
0-1: Swinging Strike
0-2: Strikes out swinging
Bottom of the 6th over - 0 run(s), 1 hit(s), 0 error(s), 1 left on base; Phoenix 1 - Toledo 1
TOP OF THE 7TH
Phoenix Hotspur batting - Pitching for Toledo Titans : RHP Francis McBride
Batting: RHB Raúl Robles 0-0: Ball
1-0: Foul Ball, location: 2F
1-1: Ball
2-1: Ball
3-1: Foul Ball, location: 2F
3-2: SINGLE (Groundball, 56D)
Batting: RHB António Padilla 0-0: Called Strike
0-1: Ball
1-1: Ball
2-1: Ball
3-1: Foul Ball, location: 2F
3-2: Strikes out looking
Batting: RHB Gabriel Pérez 0-0: Ball
1-0: Ball
2-0: Ball
3-0: Called Strike
3-1: Base on Balls
Raúl Robles to second
Batting: RHB Ángel Rivera 0-0: Called Strike
0-1: Foul Ball, location: 2F
0-2: Ball
1-2: Foul Ball, location: 2F
1-2: Foul Ball, location: 2F
1-2: Ball
2-2: Foul Ball, location: 2F
2-2: Ball
3-2: Grounds into double play, 1-4-3 (Groundball, 13S)
Top of the 7th over - 0 run(s), 1 hit(s), 0 error(s), 1 left on base; Phoenix 1 - Toledo 1
BOTTOM OF THE 7TH
Toledo Titans batting - Pitching for Phoenix Hotspur : LHP Wes Hamm
Pinch Hitting: RHB Paul Houston 0-0: Ball
1-0: Foul Ball, location: 2F
1-1: Called Strike
1-2: Ball
2-2: Ground out 6-3 (Groundball, 6)
Batting: RHB Mike Burns 0-0: Ball
1-0: Foul Ball, location: 2F
1-1: Fly out, F8 (Line Drive, 8LD)
Batting: RHB Pedro Pérez 0-0: Called Strike
0-1: Ground out 5-3 (Groundball, 5S)
Bottom of the 7th over - 0 run(s), 0 hit(s), 0 error(s), 0 left on base; Phoenix 1 - Toledo 1
TOP OF THE 8TH
Phoenix Hotspur batting - Pitching for Toledo Titans : RHP Francis McBride
Now at 2B: Paul Houston
Batting: RHB Randy Rehling 0-0: Ball
1-0: Fly out, F8 (Flyball, 8RD)
Batting: LHB Rubén López 0-0: Ball
1-0: Called Strike
1-1: Called Strike
1-2: Ground out 1-3 (Groundball, 13S)
Batting: LHB Arthur Ryan 0-0: Ball
1-0: Called Strike
1-1: SINGLE (Line Drive, 8LS)
Pinch Hitting: SHB Roberto López 0-0: Ball
Arthur Ryan steals 2nd base
1-0: Ball
Pickoff Throw to Second - Error! E1
Arthur Ryan to third
2-0: Ball
3-0: Base on Balls
Batting: RHB Martín Martínez 0-0: Called Strike
0-1: Ball
1-1: Foul Ball, location: 2F
1-2: Ball
2-2: Strikes out looking
Top of the 8th over - 0 run(s), 1 hit(s), 1 error(s), 2 left on base; Phoenix 1 - Toledo 1
BOTTOM OF THE 8TH
Toledo Titans batting - Pitching for Phoenix Hotspur : LHP Wes Hamm
Now at 2B: Roberto López
Batting: RHB Pil-joong Pak 0-0: Ball
1-0: Ground out 6-3 (Groundball, 6)
Batting: RHB Kade Knowles 0-0: Called Strike
0-1: Called Strike
0-2: Ball
1-2: Strikes out swinging
Batting: LHB Yannick Hendriksen 0-0: Ball
1-0: Foul Ball, location: 2F
1-1: Swinging Strike
1-2: DOUBLE (Flyball, 8RXD)
Batting: RHB Steve Dunn 0-0: Ground out 5-3 (Groundball, 5)
Bottom of the 8th over - 0 run(s), 1 hit(s), 0 error(s), 1 left on base; Phoenix 1 - Toledo 1
TOP OF THE 9TH
Phoenix Hotspur batting - Pitching for Toledo Titans : RHP Francis McBride
Batting: RHB Raúl Robles 0-0: Swinging Strike
0-1: Fly out, F4 (Popup, 4MD)
Batting: RHB António Padilla 0-0: Called Strike
0-1: Foul Ball, location: 2F
0-2: Ball
1-2: Strikes out swinging
Batting: RHB Gabriel Pérez 0-0: Called Strike
0-1: Called Strike
0-2: Foul Ball, location: 2F
0-2: Ground out 6-3 (Groundball, 6)
Top of the 9th over - 0 run(s), 0 hit(s), 0 error(s), 0 left on base; Phoenix 1 - Toledo 1
BOTTOM OF THE 9TH
Toledo Titans batting - Pitching for Phoenix Hotspur : LHP Wes Hamm
Batting: LHB Tony Dyer 0-0: Ball
1-0: Ball
2-0: Called Strike
2-1: Ground out 4-3 (Groundball, 34)
Batting: RHB Juan Ramos 0-0: Fly out, F7 (Flyball, 7LM)
Batting: RHB Paul Houston 0-0: Ball
1-0: Swinging Strike
1-1: SINGLE (Line Drive, 56D)
Batting: RHB Travis Lee 0-0: Ground out 5-3 (Groundball, 5L)
Bottom of the 9th over - 0 run(s), 1 hit(s), 0 error(s), 1 left on base; Phoenix 1 - Toledo 1
TOP OF THE 10TH
Phoenix Hotspur batting - Pitching for Toledo Titans : RHP Francis McBride
Now at SS: Travis Lee
Batting: RHB Ángel Rivera 0-0: SINGLE (Line Drive, 7S)
Pitching: RHP Ricardo Gómez
Batting: RHB Randy Rehling 0-0: Ball
1-0: Fly out, F3 (Line Drive, 3)
Batting: LHB Rubén López 0-0: SINGLE (Groundball, 13) (infield hit)
Ángel Rivera to second
Batting: LHB Arthur Ryan 0-0: Ball
1-0: Called Strike
1-1: Swinging Strike
1-2: Strikes out swinging
Batting: SHB Roberto López 0-0: Ball
1-0: Called Strike
1-1: Ground out 3-1 (Groundball, 34)
Top of the 10th over - 0 run(s), 2 hit(s), 0 error(s), 2 left on base; Phoenix 1 - Toledo 1
BOTTOM OF THE 10TH
Toledo Titans batting - Pitching for Phoenix Hotspur : LHP Wes Hamm
Batting: RHB Pedro Pérez 0-0: Called Strike
0-1: Ball
1-1: Swinging Strike
1-2: Foul Ball, location: 2F
1-2: Fly out, F8 (Flyball, 8LD)
Batting: RHB Pil-joong Pak 0-0: Foul Ball, location: 2F
0-1: Ball
1-1: Called Strike
1-2: Ball
2-2: Ground out 3-1 (Groundball, 34)
Batting: RHB Kade Knowles 0-0: Ball
1-0: Ball
2-0: Called Strike
2-1: Called Strike
2-2: SINGLE (Groundball, 56D)
Pitching: RHP Bruce Hamilton
Batting: LHB Yannick Hendriksen 0-0: Ball
1-0: Called Strike
1-1: Swinging Strike
1-2: Ball
2-2: SINGLE (Groundball, 56)
Kade Knowles to second
Batting: RHB Steve Dunn 0-0: Called Strike
0-1: Foul Ball, location: 2F
0-2: Ball
1-2: Foul Ball, location: 2F
1-2: Strikes out looking
Bottom of the 10th over - 0 run(s), 2 hit(s), 0 error(s), 2 left on base; Phoenix 1 - Toledo 1
TOP OF THE 11TH
Phoenix Hotspur batting - Pitching for Toledo Titans : RHP Ricardo Gómez
Batting: RHB Martín Martínez 0-0: Called Strike
0-1: Ball
1-1: SINGLE (Groundball, 56D) (infield hit)
Batting: RHB Raúl Robles 0-0: Foul Ball, location: 2F
0-1: Ball
1-1: SINGLE (Flyball, 8RS)
Martín Martínez to second
Runner from 2nd tries for 3rd, SAFE, throw made to third
Batting: RHB António Padilla 0-0: Ball
1-0: Ground out 6-3 (Groundball, 6)
Raúl Robles to second
Batting: RHB Gabriel Pérez 0-0: SINGLE (Groundball, 56)
Martín Martínez scores
Raúl Robles to third
Batting: RHB Ángel Rivera 0-0: Called Strike
0-1: SINGLE (Line Drive, 3)
Raúl Robles scores
Gabriel Pérez to second
Runner from 2nd tries for 3rd, SAFE, throw made to third
Batting: RHB Randy Rehling 0-0: Called Strike
0-1: Ball
1-1: Ball
2-1: Ball
3-1: Foul Ball, location: 2F
3-2: Ground out 5-3 (Groundball, 5L)
Gabriel Pérez scores
Ángel Rivera to second
Pitching: LHP Brandeis Vogt
Batting: LHB Rubén López 0-0: Called Strike
0-1: Foul Ball, location: 2F
0-2: Ball
1-2: Foul Ball, location: 2F
1-2: Ball
2-2: Ball
3-2: Strikes out swinging
Top of the 11th over - 3 run(s), 4 hit(s), 0 error(s), 1 left on base; Phoenix 4 - Toledo 1
BOTTOM OF THE 11TH
Toledo Titans batting - Pitching for Phoenix Hotspur : RHP Bruce Hamilton
Batting: LHB Tony Dyer 0-0: Swinging Strike
0-1: Ball
1-1: Called Strike
1-2: Foul Ball, location: 2F
1-2: Ball
2-2: Strikes out swinging
Batting: RHB Juan Ramos 0-0: Ball
1-0: Called Strike
1-1: Bunt for hit - play at first, batter OUT! 1-3
Batting: RHB Paul Houston 0-0: Ground out 5-3 (Groundball, 56S)
Bottom of the 11th over - 0 run(s), 0 hit(s), 0 error(s), 0 left on base; Phoenix 4 - Toledo 1
This league is powered by Out of the Park Baseball, the baseball management simulation game for PC, Mac and Linux
Monday, October 3rd, 2016 - OOTP Baseball 16.9 Build 39